 Dungeon Crawl Stone Soup version 0.18.1-48-g4cf74bf (webtiles) character file.

815 wemp the Magician (level 7, -9/32 HPs)
             Began as a Spriggan Conjurer on Aug 4, 2016.
             Mangled by an iguana (14 damage)
             ... on level 5 of the Dungeon.
             The game lasted 00:11:44 (5760 turns).

wemp the Magician (Spriggan Conjurer)               Turns: 5760, Time: 00:11:45

Health: -9/32      AC:  2    Str:  4    XL:     7   Next: 62%
Magic:  8/19       EV: 18    Int: 18    God:
Gold:   223        SH:  0    Dex: 17    Spells: 2 memorised, 18 levels left

rFire  . . .     SeeInvis +     s - +1 dagger (holy)
rCold  . . .     Gourm    .     a - +0 robe
rNeg   . . .     Faith    .     (shield restricted)
rPois  .         Spirit   .     (helmet restricted)
rElec  .         Dismiss  .     (no cloak)
rCorr  .         Reflect  .     (gloves unavailable)
SustAt .         Harm     .     (boots unavailable)
MR     +....                    (no amulet)
Stlth  +++.......               (no ring)
                                (no ring)

@: very quick, somewhat resistant to hostile enchantments, fairly stealthy
A: unfitting armour, see invisible, herbivore 3, speed 3, slow metabolism 2
a: no special abilities


You were on level 5 of the Dungeon.
You were not hungry.

You visited 2 branches of the dungeon, and saw 6 of its levels.

You collected 223 gold pieces.

Inventory:

Hand Weapons
 d - a +0 short sword
 s - a +1 dagger of holy wrath (weapon)
Armour
 a - a +0 robe (worn)
Scrolls
 e - 4 scrolls of identify
 f - 3 scrolls of recharging {unknown}
 j - a scroll of amnesia {unknown}
 n - 2 scrolls of remove curse {unknown}
 o - a scroll of noise {unknown}
 p - 2 scrolls of teleportation {unknown}
 q - 2 scrolls of enchant armour {unknown}
 v - a scroll of random uselessness {unknown}
 y - 2 scrolls of blinking {unknown}
 z - a scroll of magic mapping {unknown}
Potions
 g - a potion of resistance
 h - 2 potions of lignification {unknown}
 i - 3 potions of cure mutation {unknown}
 k - a potion of invisibility
 l - 3 potions of flight {unknown}
 m - 4 potions of curing {unknown}
 r - a potion of haste {unknown}
 t - a potion of agility {unknown}
 u - a potion of degeneration {unknown}
 x - a potion of berserk rage {unknown}
Books
 b - a book of Conjurations

   Spells                             Type                      Level
   a - Magic Dart                     Conjuration                  1
   b - Searing Ray                    Conjuration                  2
   c - Dazzling Spray                 Conjuration/Hexes            3
   d - Fulminant Prism                Conjuration/Hexes            4
   e - Iskenderun's Mystic Blast      Conjuration                  4
   f - Iskenderun's Battlesphere      Conjuration/Charms           5
Comestibles
 c - 3 bread rations
 w - a slice of pizza


   Skills:
 - Level 3.0 Dodging
 - Level 3.0 Stealth
 + Level 7.6 Spellcasting
 + Level 5.6 Conjurations


You had 18 spell levels left.
You knew the following spells:

 Your Spells              Type           Power        Failure   Level  Hunger
a - Magic Dart            Conj           ####         1%          1    None
b - Searing Ray           Conj           ####..       1%          2    None


Dungeon Overview and Level Annotations

Branches:
Dungeon (5/15)             Temple (1/1) D:5

Altars:
Ashenzari
Cheibriados
Dithmenos
Elyvilon
Fedhas
Gozag
Nemelex Xobeh
Okawaru
Pakellas
Qazlal
Sif Muna
Zin


Innate Abilities, Weirdness & Mutations

You are tiny and cannot use many weapons and most armour.
You have supernaturally acute eyesight.
You are a herbivore.
You cover ground extremely quickly.
You need consume almost no food.


Message History

Aim: an orc wizard, wielding a dagger and wearing a robe (heavily wounded)
The magic dart hits the orc wizard.
The orc wizard is severely wounded.
The iguana misses you. The orc wizard barely misses you.
Casting: Magic Dart
Confirm with . or Enter, or press ? or * to list all spells.
Aiming: Magic Dart
Press: ? - help, Shift-Dir - straight line, f/p - orc wizard
Aim: an orc wizard, wielding a dagger and wearing a robe (severely wounded)
The magic dart hits the orc wizard.
You kill the orc wizard!
The iguana bites you!
* * * LOW HITPOINT WARNING * * *
Casting: Magic Dart
Confirm with . or Enter, or press ? or * to list all spells.
Aiming: Magic Dart
Press: ? - help, Shift-Dir - straight line, f - iguana
Aim: an iguana The magic dart hits the iguana.
The iguana bites you!
You die...

### ..# #.# # #.#
#..######.####
#..))@.......#
#...l...#.##.# #######
............##.# #..≈≈§.
###.......####.###.≈≈§§≈
##......# #....≈≈§≈≈≈
#.###### #.##.§§≈>§§ #.
##.###§≈§≈≈§ #+ #..#
#.≈≈§≈≈ #.## #..≈§§.


You could see an iguana.

Vanquished Creatures
  The ghost of p0werm0de the Insei, an amateur OpMo (D:4)
  A sky beast (D:5)
  An ogre (D:4)
  A gnoll sergeant (D:4)
  A scorpion (D:4)
  2 orc priests (D:4)
  A hound (D:5)
  2 orc wizards
  An iguana (D:4)
  A worker ant (D:4)
  A killer bee zombie (D:3)
  4 gnolls (D:4)
  6 adders
  An adder skeleton (D:3)
  2 worms
  5 dart slugs
  6 giant geckos
  11 orcs
  A giant cockroach (D:2)
  6 goblins
  9 hobgoblins
  A quokka (D:5)
  3 ball pythons
  12 bats
  6 giant newts
  3 kobolds (D:2)
  5 rats
94 creatures vanquished.

Notes
Turn   | Place    | Note
--------------------------------------------------------------
     0 | D:1      | wemp the Spriggan Conjurer began the quest for the Orb.
     0 | D:1      | Reached XP level 1. HP: 9/9 MP: 5/5
   183 | D:1      | Reached XP level 2. HP: 13/13 MP: 6/6
   900 | D:1      | Reached XP level 3. HP: 16/16 MP: 4/8
   969 | D:1      | Reached skill level 3 in Spellcasting
  2064 | D:2      | Reached XP level 4. HP: 21/21 MP: 0/10
  2666 | D:3      | Reached skill level 4 in Spellcasting
  3362 | D:4      | Reached XP level 5. HP: 24/24 MP: 12/12
  3561 | D:4      | Noticed p0werm0de's ghost (amateur OpMo)
  3600 | D:4      | Killed p0werm0de's ghost
  3600 | D:4      | Reached skill level 5 in Spellcasting
  3814 | D:4      | Reached XP level 6. HP: 27/28 MP: 6/14
  4395 | D:4      | Reached skill level 5 in Conjurations
  4613 | D:4      | Reached skill level 6 in Spellcasting
  4636 | D:4      | Learned a level 2 spell: Searing Ray
  4763 | D:4      | Reached XP level 7. HP: 32/32 MP: 11/17
  5436 | D:5      | Entered Level 5 of the Dungeon
  5449 | D:5      | Reached skill level 7 in Spellcasting
  5540 | D:5      | Found a staircase to the Ecumenical Temple.
  5624 | Temple   | Entered the Ecumenical Temple
  5760 | D:5      | Mangled by an iguana

Skill      XL: |  1  2  3  4  5  6  7 |
---------------+----------------------+-----
Conjurations   | 3 4 5 |  5.6
Spellcasting   | 3 4 5 6 7 |  7.6
Dodging        | |  3.0
Stealth        | |  3.0

Action                   |  1- 3 |  4- 6 |  7- 9 || total
-------------------------+-------+-------+-------++-------
Melee: Short sword       |    33 |       |       ||    33
       Dagger            |       |    36 |     5 ||    41
 Cast: Magic Dart        |    85 |   126 |    31 ||   242
       Searing Ray       |       |     2 |     1 ||     3
  Use: Scroll            |       |       |     1 ||     1
       Potion            |       |       |     1 ||     1
 Stab: Sleeping          |     4 |       |     4 ||     8
  Eat: Fruit             |       |     2 |       ||     2
Armor: Robe              |     4 |     2 |     1 ||     7
Dodge: Dodged            |    51 |    49 |    10 ||   110
